 Dungeon Crawl Stone Soup version 0.30.1-11-g7821555f0a (webtiles) character file.

Game seed: 6337304506555755175

38 Gabide the Trooper (level 3, -1/30 (31) HPs)
             Began as a Demigod Fighter on Jan 4, 2024.
             Slain by Crazy Yiuf
             ... wielding a +4 quarterstaff of chaos
              (4 damage)
             ... on level 2 of the Dungeon.
             The game lasted 00:02:58 (2054 turns).

Gabide the Trooper (Demigod Fighter)                Turns: 2054, Time: 00:02:59

HP:   -1/30 (31)    AC:  9    Str: 21    XL:     3   Next: 10%
MP:   0/5           EV:  5    Int: 10    God:
Gold: 103           SH: 12    Dex: 13    Spells: 2/2 levels left

rFire   . . .        a - +0 flail
rCold   . . .        i - +0 tower shield
rNeg    . . .        j - +0 chain mail
rPois   .            (no helmet)
rElec   .            (no cloak)
rCorr   .            (no gloves)
SInv    .            (no boots)
Will    .....        m - amulet of guardian spirit Stlth
                     e - +4 ring of slaying
HPRegen 0.25/turn    (no ring)
MPRegen 0.09/turn

%: guardian spirit
@: mighty, lightly drained
A: high MP 1, forlorn, divine attributes
a: no special abilities


You were on level 2 of the Dungeon.
You visited 1 branch of the dungeon, and saw 2 of its levels.

You collected 115 gold pieces.
You spent 12 gold pieces at shops.

Inventory:

Hand Weapons
 a - a +0 flail (weapon)
Armour
 b - a +0 scale mail
 c - a +0 buckler
 i - a +0 tower shield (worn)
 j - a +0 chain mail (worn)
Jewellery
 e - a +4 ring of slaying (left hand)
 m - an amulet of guardian spirit (around neck)
Scrolls
 k - 3 scrolls of butterflies
Potions
 h - 2 potions of flight
 l - 2 potions of curing
 n - a potion of mutation {unknown}
 o - a potion of attraction {unknown}


   Skills:
 - Level 3.0 Fighting
 + Level 2.2 Maces & Flails
 - Level 3.0 Armour
 + Level 1.0 Dodging
 - Level 3.0 Shields


You had 2 spell levels left.
You didn't know any spells.
Your spell library contained the following spells:

 Spells                   Type           Power      Damage    Failure   Level
 Ensorcelled Hibernation  Hex/Ice        0%         N/A       100%        2
 Passwall                 Tmut/Erth      0%         N/A       100%        2
 Swiftness                Air            0%         N/A       100%        3
 Alistair's Intoxication  Tmut/Pois      0%         N/A       100%        5
 Borgnjor's Vile Clutch   Necr/Erth      0%         N/A       100%        5
 Eringya's Noxious Bog    Tmut/Pois      0%         N/A       100%        6


Dungeon Overview and Level Annotations

Branches:
Dungeon (2/15)

Shops:
D:1 !

Annotations:
D:2 Crazy Yiuf


Innate Abilities, Weirdness & Mutations

You have an increased reservoir of magic. (+10% MP)
You shall have no god before yourself.
Your divine heritage dramatically boosts your attributes as you level up.


Message History

You see here 5 stones.
There is an open door here.
As you open the door, it creaks loudly!
There is an open door here.
There is an open door here.
There is an open door here.
You open the door.
There is an open door here.
Crazy Yiuf shouts!
Crazy Yiuf says, "Shadow forty-two aubergine!"
Crazy Yiuf yells, "Mugger infinity bush!"
Could not explore, unopened runed door.
As you read the scroll labelled NAOROYCEMIA, it crumbles to dust.
It is a scroll of identify.
h - 2 potions of flight
As you read the scroll of identify, it crumbles to dust.
l - 2 potions of curing
As you read the scroll of identify, it crumbles to dust.
k - 3 scrolls of butterflies
As you read the scroll labelled TIMEVAM FYALEA, it crumbles to dust.
It is a scroll of amnesia.
You feel forgetful for a moment.
You feel very mighty all of a sudden.
Sorry, you're not good enough to have a special ability.
As you open the door, it creaks loudly!
You closely miss Crazy Yiuf.
Crazy Yiuf hits you with a +4 quarterstaff of chaos!
You block Crazy Yiuf's attack.
You barely miss Crazy Yiuf. You block Crazy Yiuf's attack.
You barely miss Crazy Yiuf.
Crazy Yiuf screams, "Paint cower toodlewoodle!"
You block Crazy Yiuf's attack.
Crazy Yiuf hits you with a +4 quarterstaff of chaos.
You closely miss Crazy Yiuf.
Crazy Yiuf hits you with a +4 quarterstaff of chaos.
Crazy Yiuf freezes you.
Crazy Yiuf hits you with a +4 quarterstaff of chaos!
* * * LOW HITPOINT WARNING * * *
You feel drained.
You die...

#..........#.......
##############.....
#.#### #.# #.#
♣♣♣♣♣## #.# ###
♣♣♣.♣.P.####.# ##
#...#♣..♣......##.#
#.
#...g@♣♣♣♣P.....#.#
#. #)..#♣♣
♣♣..#..#.###. ###
♣♣##........
##.....## ##...##
###### #### ##.##
#.##.# #..# #.#
#.##.###..# #.#
#.........# ##'##


You could see Crazy Yiuf.

Vanquished Creatures
  3 dart slugs (D:1)
  4 endoplasms
  2 giant cockroaches (D:1)
  3 goblins (D:1)
  3 hobgoblins
  5 kobolds (D:1)
  A quokka (D:2)
  2 ball pythons (D:1)
  3 bats
  3 frilled lizards
  2 rats
31 creatures vanquished.

Notes
Turn   | Place    | Note
-------+----------+-------------------------------------------
     0 | D:1      | Gabide the Demigod Fighter began the quest for the Orb.
     0 | D:1      | Reached XP level 1. HP: 18/18 MP: 3/3
    39 | D:1      | Found Neynk's Distillery.
    53 | D:1      | Bought a potion of degeneration for 12 gold pieces
   111 | D:1      | Reached XP level 2. HP: 25/25 MP: 4/4
  1292 | D:2      | Reached XP level 3. HP: 31/31 MP: 5/5
  1325 | D:2      | Found a runed translucent door.
  1326 | D:2      | Noticed Crazy Yiuf
  1552 | D:2      | Reached skill level 1 in Dodging
  2054 | D:2      | Slain by Crazy Yiuf

Illustrated notes

Levels and vault maps discovered:
D:1:      dpeg_arrival_chambers_temple_mockup, layout_basic, serial_shops, shop,
          shapermc_ecumenical_altar_hornbeckon
D:2:      layout_loops_corners, uniq_crazy_yiuf_cottage

Skill      XL: |  1  2  3 |
---------------+----------+-----
Maces & Flails | 2 |  2.2
Fighting       | 3 |  3.0
Shields        | 3 |  3.0
Armour         | 3 |  3.0
Dodging        | 1 |  1.0

Action                     || total
---------------------------++-------
  Melee: Flail             ||    73
    Use: Scroll            ||     4
         Potion            ||     1
 Armour: Scale mail        ||    17
         Chain mail        ||     9
  Dodge: Dodged            ||    21
  Block: Tower shield      ||    30
         Buckler           ||     2
